 Dungeon Crawl Stone Soup version 0.31.0-12-g77e489cdc1 (webtiles) character file.

Game seed: 3069602249965317500

210 ShellytheWitch the Sneak (level 6, -1/38 HPs)
             Began as a Kobold Brigand on Mar 6, 2024.
             Killed by nerve-wracking pain
             ... invoked by Grinder
              (14 damage)
             ... on level 3 of the Dungeon.
             The game lasted 00:05:43 (2970 turns).

ShellytheWitch the Sneak (Kobold Brigand)           Turns: 2970, Time: 00:05:43

Health: -1/38      AC:  5    Str:  8    XL:     6   Next: 12%
Magic:  6/6        EV: 15    Int: 15    God:
Gold:   81         SH:  0    Dex: 23    Spells: 5/5 levels left

rFire   . . .        a - +1 dagger (venom)
rCold   . . .        (no shield)
rNeg    . . .        b - +1 robe "Boejenu" {Int+2 Dex+5 SInv}
rPois   .            (no helmet)
rElec   .            c - +0 cloak
rCorr   .            i - +0 pair of gloves
SInv    +            (no boots)
Will    .....        (no amulet)
Stlth   +++++        (no ring)
HPRegen 0.26/turn    (no ring)
MPRegen 0.10/turn

%: no passive effects
@: no status effects
A: small, no large weapons, nightstalker 3
a: no special abilities


You were on level 3 of the Dungeon.
You visited 1 branch of the dungeon, and saw 3 of its levels.

You collected 81 gold pieces.

Inventory:

Hand Weapons
 a - a +1 dagger of venom (weapon)
Missiles
 d - 5 poisoned darts (quivered)
 e - 3 curare-tipped darts
Armour
 b - the +1 robe "Boejenu" (worn) {Int+2 Dex+5 SInv}
   (You took it off a hobgoblin on level 2 of the Dungeon)

   Int+2:     It affects your intelligence (+2).
   Dex+5:     It affects your dexterity (+5).
   SInv:      It lets you see invisible.
 c - a +0 cloak (worn)
 i - a +0 pair of gloves (worn)
Wands
 g - a wand of paralysis (2)
Scrolls
 h - 4 scrolls of teleportation
 j - a scroll of butterflies {unknown}


   Skills:
 * Level 3.8 Fighting
 * Level 4.7 Short Blades
 - Level 3.0 Throwing
 - Level 1.0 Armour
 + Level 2.4 Dodging
 + Level 5.9 Stealth


You had 5 spell levels left.
You didn't know any spells.
Your spell library contained the following spells:

 Spells                   Type           Power      Damage    Failure   Level
 Magic Dart               Conj           0%         1d3       26%         1
 Searing Ray              Conj           0%         2d4       38%         2
 Fulminant Prism          Conj/Alch      0%         3d5       95%         4


Dungeon Overview and Level Annotations

Branches:
Dungeon (3/15)

Altars:

Annotations:
D:3 Grinder


Innate Abilities, Weirdness & Mutations

You are small and have problems with some larger weapons.
You are completely attuned to the shadows.


Message History

Grinder misses you.
You barely miss Grinder. Grinder hits you but does no damage.
You hit Grinder but do no damage. You closely miss Grinder.
Grinder blinks!
Grinder gestures at you. You resist with significant effort.
Grinder misses you.
You throw a poisoned dart. The poisoned dart hits Grinder.
Grinder blinks!
No target in view!
You see here 2 poisoned darts.
You throw a poisoned dart.
The poisoned dart barely misses Grinder.
Grinder gestures at you.
You barely resist. You throw a poisoned dart. The poisoned dart hits Grinder.
You throw a poisoned dart.
The poisoned dart closely misses Grinder.
Grinder gestures at you.
You suddenly lose the ability to move!
Grinder hits you!
You writhe in agony.
You can move again.
You barely miss Grinder. You barely miss Grinder. Grinder hits you.
You writhe in agony.
You closely miss Grinder.
Grinder blinks!
Grinder attacks as she pursues you! Grinder closely misses you.
You closely miss Grinder. You hit Grinder but do no damage.
Grinder gestures at you.
You suddenly lose the ability to move!
Grinder hits you! x2
* * * LOW HITPOINT WARNING * * *
You writhe in agony.
* * * LOW HITPOINT WARNING * * *
Grinder blinks!
You can move again.
You feel better. Grinder gestures at you. Pain shoots through your body!
You die...
Grinder says, "Hey, I wasn't done torturing you yet!"

.........##.♣ ♣..#
.........##.♣ ♣..#
####+#+####.♣♣# #♣♣..#
####..........##♣+♣##....#
.......†..............##....
......................# ##..
..............).5.(...# ..
.................(....#
................@.....#
................#######
..#.....<.....(.#
#.#.##..........#
#.#.##..........#
#.#÷##..........#
#.#÷####.########
#.#.####.##################
.........#................#


You could see Grinder.

Vanquished Creatures
  Jessica (D:2)
  Terence (D:3)
  An orc wizard (D:3)
  Robin (D:2)
  3 adders
  4 dart slugs
  2 ribbon worms (D:2)
  9 orcs
  An endoplasm (D:1)
  A giant cockroach (D:1)
  11 goblins
  10 hobgoblins
  2 jackals (D:2)
  4 kobolds
  A quokka (D:1)
  7 ball pythons
  7 bats
  2 frilled lizards
  5 rats
73 creatures vanquished.

Notes
Turn   | Place    | Note
-------+----------+-------------------------------------------
     0 | D:1      | ShellytheWitch the Kobold Brigand began the quest for the
                  | Orb.
     0 | D:1      | Reached XP level 1. HP: 12/12 MP: 1/1
   359 | D:1      | Reached XP level 2. HP: 18/18 MP: 2/2
   891 | D:2      | Reached XP level 3. HP: 14/22 MP: 3/3
  1357 | D:2      | Noticed Robin
  1422 | D:1      | Reached XP level 4. HP: 26/28 MP: 4/4
  1639 | D:2      | Identified the +1 robe "Boejenu" {Int+2 Dex+5 SInv}
  2397 | D:2      | Noticed Jessica
  2401 | D:2      | Killed Jessica
  2402 | D:2      | Reached skill level 1 in Armour
  2402 | D:2      | Reached XP level 5. HP: 32/32 MP: 5/5
  2441 | D:2      | Killed Robin
  2692 | D:3      | Noticed Terence
  2706 | D:3      | Killed Terence
  2707 | D:3      | Reached XP level 6. HP: 38/38 MP: 6/6
  2942 | D:3      | Noticed Grinder
  2956 | D:3      | Paralysed by Grinder for 2 turns
  2965 | D:3      | Paralysed by Grinder for 4 turns
  2970 | D:3      | Killed from afar by Grinder

Illustrated notes

Levels and vault maps discovered:
D:1:      minmay_arrival_plants_in_alcoves, layout_basic
D:2:      minmay_recursive_quarters, layout_basic, uniq_jessica, uniq_robin
D:3:      layout_basic, dilly_ecumenical_altar_fadedgnrine, uniq_terence,
          uniq_crazy_yiuf_cottage, uniq_grinder

Skill      XL: |  1  2  3  4  5 |
---------------+----------------+-----
Short Blades   | 3 4 |  4.7
Fighting       | 3 |  3.8
Throwing       | 3 |  3.0
Armour         | 1 |  1.0
Dodging        | 2 |  2.4
Stealth        | |  5.9

Action                     |  1- 3 |  4- 6 || total
---------------------------+-------+-------++-------
  Melee: Dagger            |   111 |   108 ||   219
         Punch             |       |     2 ||     2
  Throw: Dart              |     3 |    14 ||    17
    Use: Scroll            |     4 |     2 ||     6
         Potion            |       |     1 ||     1
   Stab: Sleeping          |    12 |    10 ||    22
         Distracted        |       |     1 ||     1
 Armour: Leather armour    |    50 |     8 ||    58
         Robe              |       |    36 ||    36
  Dodge: Dodged            |    61 |    52 ||   113
